 Dungeon Crawl Stone Soup version 0.21-a0-264-g3e31e41 (webtiles) character file.

65 Jeffwins the Cudgeler (level 3, 0/29 HPs)
             Began as a Mummy Fighter on Sept 8, 2017.
             Slain by a leopard gecko (3 damage)
             ... on level 3 of the Dungeon.
             The game lasted 00:02:28 (2301 turns).

Jeffwins the Cudgeler (Mummy Fighter)               Turns: 2301, Time: 00:02:28

Health: 0/29       AC:  7    Str: 20    XL:     3   Next: 94%
Magic:  3/3        EV:  7    Int:  7    God:
Gold:   63         SH:  8    Dex: 11    Spells: 2/2 levels left

rFire    . . .     SeeInvis .   a - +0 flail
rCold    . . .     Gourm    .   c - +0 shield
rNeg     + + +     Faith    .   b - +0 scale mail
rPois    ∞         Spirit   .   (no helmet)
rElec    .         Reflect  .   d - +0 cloak
rCorr    .         Harm     .   (no gloves)
MR       .....                  (no boots)
Stlth    ..........             (no amulet)
HPRegen  0.09/turn              h - ring of fire
MPRegen  0.08/turn              (no ring)

@: no status effects
A: no food or potions, fire vulnerability, cold resistance 1, negative energy
resistance 3, torment resistance, unbreathing
a: no special abilities


You were on level 3 of the Dungeon.
You were not hungry.

You visited 1 branch of the dungeon, and saw 3 of its levels.

You collected 63 gold pieces.

Inventory:

Hand Weapons
 a - a +0 flail (weapon)
Missiles
 g - 124 stones (quivered)
Armour
 b - a +0 scale mail (worn)
 c - a +0 shield (worn)
 d - a +0 cloak (worn)
Jewellery
 h - a ring of fire (left hand)
 m - an uncursed ring of magical power
Scrolls
 e - a scroll of random uselessness {unknown}
 f - 2 scrolls of teleportation {unknown}
 i - a scroll of recharging {unknown}
 j - a scroll of enchant weapon {unknown}
 k - a scroll of blinking {unknown}
 l - a scroll of remove curse {unknown}


   Skills:
 - Level 3.0 Fighting
 + Level 3.5 Maces & Flails
 - Level 2.4 Armour
 - Level 2.4 Shields


You had 2 spell levels left.
You didn't know any spells.

Dungeon Overview and Level Annotations

Branches:
Dungeon (3/15)

Altars:


Innate Abilities, Weirdness & Mutations

You do not eat or drink.
Your flesh is vulnerable to fire.
You are immune to poison.
Your flesh is cold resistant. (rC+)
You are immune to negative energy. (rN+++)
You are immune to unholy pain and torment.
You can survive without breathing.


Message History

You are too injured to fight recklessly!
The goblin shouts!
A leopard gecko comes into view.
The leopard gecko hisses angrily.
The goblin hits you but does no damage. You block the leopard gecko's attack.
There is a stone staircase leading up here.
You barely miss the leopard gecko. The leopard gecko closely misses you.
You block the goblin's attack.
You miss the leopard gecko.
The leopard gecko bites you but does no damage.
The goblin closely misses you. You block the leopard gecko's attack.
You hit the leopard gecko but do no damage.
The leopard gecko bites you.
* * * LOW HITPOINT WARNING * * *
You block the goblin's attack.
You hit the leopard gecko.
The leopard gecko is moderately wounded.
The leopard gecko bites you.
You die...

.....## .....
..... .... # #.
#..## .# #.
...##.##
#.###.?....#..
#....@l.......
#..#.g........
#.............
#..#...†....?..
....
#..#.#.>....
...
##.......... .
#.#.#......
#.†........
#.(.....#..


You could see a leopard gecko and a goblin.

Vanquished Creatures
  2 adders
  An ooze (D:2)
  A worm (D:2)
  A dart slug (D:3)
  A leopard gecko (D:1)
  3 giant cockroaches
  2 goblins
  3 hobgoblins
  3 jackals (D:1)
  5 kobolds
  A quokka (D:2)
  7 bats
  A frilled lizard (D:1)
  5 rats
36 creatures vanquished.

Notes
Turn   | Place    | Note
-------+----------+-------------------------------------------
     0 | D:1      | Jeffwins the Mummy Fighter began the quest for the Orb.
     0 | D:1      | Reached XP level 1. HP: 18/18 MP: 1/1
   331 | D:1      | Reached XP level 2. HP: 23/24 MP: 2/2
  1232 | D:2      | Reached XP level 3. HP: 12/29 MP: 3/3
  2301 | D:3      | Slain by a leopard gecko

Vault maps used:
D:1:      dpeg_arrival_brainrot, hex_large, st_stairs_7
D:2:      first_bread, grunt_decor_fettered
D:3:      serial_glass, glass_columns_a, glass_columns_a

Skill      XL: |  1  2 |
---------------+-------+-----
Maces & Flails | 2 3 |  3.5
Fighting       | |  3.0
Armour         | |  2.4
Shields        | |  2.4

Action                   || total
-------------------------++-------
Melee: Flail             ||   172
Armor: Scale mail        ||   108
Dodge: Dodged            ||    68
Block: Shield            ||   115

Table legend:
 A = Spawn XP
 B = Non-spawn XP
 C = Spawn XP percentage of total XP
 D = Spawn monster count
 E = Non-spawn monster count
 F = Spawn count percentage of total count
 G = Total turns spent on level
                    A         B        C        D         E        F      G
               +---------+---------+-------+---------+---------+-------+---------
         Total |       0 |      94 |   0.0 |       0 |      36 |   0.0 |  2301
               +---------+---------+-------+---------+---------+-------+---------
           D:1 |       0 |      32 |   0.0 |       0 |      20 |   0.0 |  1013
           D:2 |       0 |      39 |   0.0 |       0 |      11 |   0.0 |  1215
           D:3 |       0 |      23 |   0.0 |       0 |       5 |   0.0 |    73
               +---------+---------+-------+---------+---------+-------+---------
